 Dungeon Crawl Stone Soup version 0.28.0 (webtiles) character file.

Game seed: 16814747821521833412

16 batir the Firebug (level 2, 20/20 HPs)
             Began as a Draconian Fire Elementalist on Feb 8, 2022.
             Quit the game on level 2 of the Dungeon.
             The game lasted 00:05:46 (874 turns).

batir the Firebug (Draconian Fire Elementalist)      Turns: 874, Time: 00:05:47

Health: 20/20      AC:  5    Str: 10    XL:     2   Next: 41%
Magic:  5/5        EV: 12    Int: 15    God:
Gold:   85         SH:  0    Dex: 11    Spells: 4/5 levels left

rFire   . . .      SeeInvis .   a - +0 dagger
rCold   . . .      Faith    .   (no shield)
rNeg    . . .      Spirit   .   (armour unavailable)
rPois   .          Reflect  .   (helmet restricted)
rElec   .          Harm     .   (no cloak)
rCorr   .          Rampage  .   (no gloves)
Will    .....                   f - +0 pair of boots
Stlth   ++........              (no amulet)
HPRegen 0.06/turn               (no ring)
MPRegen 0.09/turn               (no ring)

@: no status effects
A: AC +4, unfitting armour, cold-blooded
a: no special abilities


You were on level 2 of the Dungeon.
You visited 1 branch of the dungeon, and saw 2 of its levels.

You collected 85 gold pieces.

Inventory:

Hand Weapons
 a - a +0 dagger (weapon)
 c - a +0 short sword
Armour
 f - a +0 pair of boots (worn)
Wands
 h - a wand of flame (18)
Scrolls
 b - a scroll of blinking {unknown}
 d - a scroll of noise {unknown}
 e - 2 scrolls of identify {unknown}
 g - a scroll of teleportation {unknown}


   Skills:
 + Level 1.7 Dodging
 + Level 2.0 Stealth
 + Level 2.2 Spellcasting
 + Level 1.1 Conjurations
 + Level 3.4 Fire Magic


You had 4 spell levels left.
You knew the following spells:

 Your Spells              Type           Power      Damage    Failure   Level
a - Foxfire               Conj/Fire      32%        2x1d5     9%          1

Your spell library contained the following spells:

 Spells                   Type           Power      Damage    Failure   Level
 Scorch                   Fire           24%        2d6       8%          2
 Conjure Flame            Conj/Fire      8%         6-21      26%         3
 Inner Flame              Hex/Fire       6%         N/A       32%         3
 Flame Wave               Conj/Fire      8%         2d5       63%         4


Dungeon Overview and Level Annotations

Branches:
Dungeon (2/15)

Altars:


Innate Abilities, Weirdness & Mutations

Your plain brown scales are hard. (AC +4)
You cannot fit into any form of body armour.
You are cold-blooded and may be slowed by cold attacks.


Message History

You miscast Foxfire.
You are very lightly contaminated with residual magic.
Nothing appears to happen.
The goblin hits you but does no damage.
You conjure some foxfire!
The goblin misses you.
You barely miss the goblin.
The goblin is severely wounded.
The foxfire hits the goblin.
You kill the goblin!
Your Stealth skill increases to level 2!
Your magical contamination has completely faded away.
Things that are here:
a +0 club; a goblin corpse A bat comes into view.
You conjure some foxfire!
The foxfire hits the bat.
You kill the bat!
A rat comes into view.
Your foxfire dissipates!
You conjure some foxfire!
The foxfire hits the rat.
You kill the rat!
You see here a +0 pair of boots.
f - a +0 pair of boots Your foxfire dissipates!
g - a scroll labelled KOZOKO VYMEBB
Okay, then.
Sorry, you're not good enough to have a special ability.
You start putting on your armour.
You continue putting on your +0 pair of boots. x4
You finish putting on your +0 pair of boots.
e - 2 scrolls labelled WUODDUGAAQ (gained 1) Done exploring.
There is a stone staircase leading down here.
You climb downwards.
Found a shiny glass wand.
There is a stone staircase leading up here.
h - a wand of flame (18)
A bat comes into view.
A bat is nearby!
Are you sure you want to abandon this character and quit the game? (Confirm with "yes".)

........<.#.##
#####........#
#.......#.####
#.###.#.#.#
...#.#.# #..
#.#.# ...#
#...#
#.#.#.#.###
### #..@.#
##...# #...#
#.⌠.# ....#
...### ...
..b.


You could see a bat (asleep).

Vanquished Creatures
  A dart slug (D:1)
  2 endoplasms (D:1)
  A giant cockroach (D:1)
  A hobgoblin (D:1)
  2 quokkas (D:1)
  2 ball pythons (D:1)
  A bat (D:1)
  A frilled lizard (D:1)
  A goblin (D:1)
  A kobold (D:1)
  2 rats (D:1)
15 creatures vanquished.

Vanquished Creatures (others)
  30 foxfires (D:1)
30 creatures vanquished.

Grand Total: 45 creatures vanquished

Notes
Turn   | Place    | Note
-------+----------+-------------------------------------------
     0 | D:1      | batir the Draconian Fire Elementalist began the quest for
                  | the Orb.
     0 | D:1      | Reached XP level 1. HP: 14/14 MP: 3/3
   151 | D:1      | Found a faded altar of an unknown god.
   314 | D:1      | Reached XP level 2. HP: 20/20 MP: 1/5
   874 | D:2      | Quit the game

Illustrated notes

Levels and vault maps discovered:
D:1:      dpeg_arrival_yet_another_circle, layout_basic,
          chequers_ecumenical_altar_simple_redux
D:2:      layout_basic, basic_altar, kennysheep_big_empty_room,
          nicolae_elevator_lobby_asterisk, uniq_natasha

Skill      XL: |  1  2 |
---------------+-------+-----
Stealth        | 2 |  2.0
Dodging        | |  1.7
Spellcasting   | |  2.2
Conjurations   | |  1.1
Fire Magic     | |  3.4

Action                   || total
-------------------------++-------
Melee: Unarmed           ||     1
       Dagger            ||     4
 Cast: Foxfire           ||    18
Armor: Skin              ||     2
Dodge: Dodged            ||     4
